 Dungeon Crawl Stone Soup version 0.29.0-4-gdea44cf6ec (webtiles) character file.

Game seed: 12210912854199607325

94752 Zeld the Severer (level 15, -4/217 HPs)
             Began as a Minotaur Berserker on Aug 26, 2022.
             Was the Champion of Trog.
             Slain by a demonic crawler (6 damage)
             ... on level 3 of the Lair of Beasts.
             The game lasted 00:39:23 (38470 turns).

Zeld the Severer (Minotaur Berserker)              Turns: 38470, Time: 00:39:24

Health: -4/217     AC: 20    Str: 29    XL:     15   Next: 64%
Magic:  14/14      EV: 14    Int:  7    God:    Trog [******]
Gold:   530        SH:  0    Dex: 12    Spells: 14/14 levels left

rFire   + . .      SeeInvis +   a - +4 battleaxe (flame)
rCold   . . .      Faith    .   (shield currently unavailable)
rNeg    + . .      Spirit   .   r - +1 chain mail {rPois}
rPois   +          Reflect  .   (helmet restricted)
rElec   .          Harm     .   N - scarf {+Inv}
rCorr   .          Rampage  .   K - +2 pair of gloves
Will    ++...                   V - +1 pair of boots
Stlth   ..........              s - amulet of the acrobat
HPRegen 0.46/turn               v - ring of willpower
MPRegen 0.14/turn               Y - ring "Meoj" {rF+ rN+ Int+3 Dex+2 SInv}

@: berserking, spiked, slightly contaminated, studying Evocations, very quick
A: horns 2, retaliatory headbutt
a: Renounce Religion, Evoke Invisibility, Berserk, Trog's Hand, Brothers in Arms


You were on level 3 of the Lair of Beasts.
You worshipped Trog.
Trog was exalted by your worship.
You visited 5 branches of the dungeon, and saw 24 of its levels.
You also visited: Sewer and Gauntlet.

You collected 2835 gold pieces.
You spent 2305 gold pieces at shops.

Inventory:

Hand Weapons
 a - a +4 battleaxe of flaming (weapon)
 C - the +7 great mace "Firestarter" {inner flame, rF++}
   (You found it on level 14 of the Dungeon)

   It burns those it strikes, dealing additional fire damage.
   It fills those it strikes with an explosive inner flame.
   It grants immunity to clouds of flame.
   rF:        It greatly protects you from fire.
 I - a +6 spectral executioner's axe
 T - a +4 arbalest of freezing
Missiles
 p - 5 boomerangs of dispersal
 z - 3 silver boomerangs
 A - 31 poisoned darts
 B - 4 curare-tipped darts
 D - 19 boomerangs
 H - 2 throwing nets
 Q - 4 datura-tipped darts
 W - 7 silver javelins
Armour
 b - a +3 plate armour
 d - a +0 pair of gloves
 r - a +1 chain mail of poison resistance (worn)
 K - a +2 pair of gloves (worn)
 N - a scarf of invisibility (worn)
 V - a +1 pair of boots (worn)
Jewellery
 s - an amulet of the acrobat (around neck)
 v - a ring of willpower (left hand)
 Y - the ring "Meoj" (right hand) {rF+ rN+ Int+3 Dex+2 SInv}
   (You found it on level 14 of the Dungeon)

   [ring of protection from fire]

   Int:       It affects your intelligence (+3).
   Dex:       It affects your dexterity (+2).
   rF:        It protects you from fire.
   rN:        It protects you from negative energy.
   SInv:      It lets you see invisible.
Wands
 l - a wand of digging (24)
 m - a wand of charming (4)
 t - a wand of roots (30)
 G - a wand of acid (7)
 L - a wand of flame (41)
 U - a wand of mindburst (10) (quivered)
Scrolls
 c - 4 scrolls of silence
 f - 9 scrolls of teleportation
 k - a scroll of blinking
 o - 6 scrolls of butterflies
 y - a scroll of fear
 J - a scroll of poison
Potions
 e - 5 potions of heal wounds
 g - 5 potions of lignification {unknown}
 h - a potion of haste
 i - 2 potions of invisibility {unknown}
 j - 7 potions of flight
 q - 2 potions of mutation {unknown}
 u - 3 potions of might {unknown}
 x - 10 potions of curing
 E - 3 potions of resistance {unknown}
 F - 5 potions of brilliance {unknown}
 M - a potion of berserk rage {unknown}
 P - 2 potions of magic {unknown}
 R - 4 potions of ambrosia {unknown}
Miscellaneous
 n - a phantom mirror
 w - a lightning rod (4/4)
 O - a phial of floods
 X - a piece from Xom's chessboard (15/15)


   Skills:
 + Level 16.5 Fighting
 * Level 19.7 Axes
 + Level 14.1 Armour
 + Level 13.0 Dodging
 + Level 9.0 Evocations


You had 14 spell levels left.
You didn't know any spells.
Your spell library was empty.

Dungeon Overview and Level Annotations

Branches:
Dungeon (15/15)            Temple (1/1) D:5            Lair (5/5) D:11
 Shoals (0/4) Lair:3       Spider (1/4) Lair:3        Slime (0/5) Lair:4
    Orc (2/2) D:12            Elf (0/3) Orc:2        Vaults (0/5) D:13
 Depths (0/4) D:15          Sewer (visited)         Gauntlet (visited)

Altars:
Ashenzari
Cheibriados
Dithmenos
Elyvilon
Fedhas
Gozag
Hepliaklqana
Kikubaaqudgha
Makhleb
Nemelex Xobeh
Okawaru
Qazlal
Ru
Sif Muna
Trog
Uskayaw
Vehumet
Wu Jian
Xom
Yredelemnul
Zin
The Shining One
Jiyva

Shops:
D:2 (   D:14 (   Orc:1 :   Orc:2 :[*=(


Innate Abilities, Weirdness & Mutations

You have a pair of horns on your head.
You reflexively headbutt those who attack you in melee.


Message History

The wavering orb of destruction hits the radroach!!
The radroach bites you but does no damage.
The radroach barely misses you.
The barbed spikes dig painfully into your body as you move.
You climb upwards.
Welcome back to the Lair of Beasts!
There is a hole to the Spider Nest here.
Unknown command.
Unknown command.
Unknown command.
You hit the radroach but do no damage.
The radroach is heavily wounded.
You hit the demonic crawler but do no damage.
The demonic crawler barely misses you. The demonic crawler hits you!
The demonic crawler barely misses you.
Unknown command.
You slash the radroach! You burn the radroach.
The radroach is severely wounded.
You hit the demonic crawler. You burn the demonic crawler.
The demonic crawler barely misses you. x3
The radroach erupts in a fountain of uncontrolled magic!
You are blasted with magical radiation!!!
* * * LOW HITPOINT WARNING * * *
You are very lightly contaminated with residual magic.
Unknown command.
Unknown command.
A red film seems to cover your vision as you go berserk!
You feel yourself moving faster!
You feel mighty! The demonic crawler hits you.
* * * LOW HITPOINT WARNING * * *
The demonic crawler closely misses you. x2
The radroach erupts in a fountain of uncontrolled magic!
You are blasted with magical radiation!!!
* * * LOW HITPOINT WARNING * * *
You are lightly contaminated with residual magic.
You slice the radroach!! You burn the radroach.
You kill the radroach!
Trog accepts your kill.
You slice the demonic crawler!! You burn the demonic crawler.
The demonic crawler closely misses you. You furiously retaliate!
You headbutt the demonic crawler! The demonic crawler hits you.
You die...

~~.~~....## ##....##....
~~~~......## ### #.#......#.
.~~........######.#####...#......
..........P###.###.#..P....#####.
....P........##.#.##......### #.
.).........##...#...####..#.####.
...........##..###..#.###...#.#P.
..##........#.#.#.#..###.........
..###P.....P#.#s@.######..####P..
P##.#.P##..##.#...#..##[.#.# ###.
##.#.####..##..###..#....### #.
.##..# ###..#...#...#.....# #.
.###.###.#...##.#.##.###.## #. ##
##..##..###.###.#.# #.### ##. #
##....## ##......###...####..
#######..### ##(.................
P#P#..#...P###......####.###..#.#


You could see a demonic crawler.

Vanquished Creatures
  Kirke (D:13)
  An orc warlord (Orc:2)
  Snorg (Lair:5)
  Josephine (D:13)
  3 rakshasas (D:15)
  4 boulder beetles
  4 vault guards (D:13)
  8 hydras
  A centaur warrior (D:13)
  A death knight (D:15)
  A radroach (Lair:3)
  4 two-headed ogres
  6 death yaks (Lair:4)
  2 orc high priests
  2 tengu warriors (D:14)
  Urug (Lair:2)
  3 skeletal warriors (D:15)
  Amaemon (Lair:2)
  2 sea snakes (Lair:5)
  A steelbarb worm (Spider:1)
  An obsidian statue (D:14)
  A wizard (D:13)
  A glowing orange brain (D:15)
  4 orc knights
  3 harpies (Lair:5)
  A phantasmal warrior (D:14)
  17 ugly things
  A deep elf pyromancer (D:14)
  3 orc sorcerers
  An oklob plant (Orc:2)
  4 manticores
  8 elephants (Lair:5)
  5 cyclopes
  5 black mambas
  A smoke demon (Gauntlet)
  An orange demon (Lair:2)
  3 gargoyles
  2 unseen horrors
  13 komodo dragons
  11 cane toads
  6 rime drakes
  2 efreet
  A freezing wraith (D:15)
  A meliai (Lair:3)
  5 trolls
  A wind drake (Lair:5)
  4 hornets
  5 polar bears
  A tarantella (Spider:1)
  22 blink frogs
  12 slime creatures
  6 dream sheep (Lair:5)
  A snapping turtle (Lair:5)
  6 shadows
  7 wraiths
  4 basilisks
  37 yaks
  6 wyverns
  A human (D:13)
  2 chaos spawn (Gauntlet)
  2 hogs (D:13)
  2 steam dragons
  7 vampire mosquitoes
  Grum (D:7)
  A neqoxec (Gauntlet)
  A two-headed ogre zombie (D:12)
  A warg (Orc:2)
  2 acid dragons (D:12)
  A floating eye (shapeshifter) (D:15)
  7 water moccasins
  A sky beast (D:7)
  30 orc warriors
  A black bear (Lair:2)
  13 wolves
  4 boggarts (D:15)
  2 ogres
  4 centaurs
  3 kobold brigands
  A phantom (D:12)
  Blork the orc (Orc:2)
  10 bullfrogs
  A gnoll sergeant (D:9)
  A necrophage (D:7)
  2 scorpions
  3 troll zombies (D:12)
  A wight (D:7)
  8 killer bees
  3 howler monkeys
  3 crimson imps (Gauntlet)
  A gnoll bouda (D:8)
  21 orc priests
  5 hounds
  4 jellies (D:6)
  2 iguanas
  30 orc wizards
  4 ogre zombies (D:12)
  Robin (D:4)
  8 gnolls
  11 adders
  6 river rats
  3 white imps
  4 worms
  3 dart slugs
  69 orcs
  11 ball pythons
  7 bats
  13 endoplasms
  3 giant cockroaches
  24 goblins
  7 hobgoblins
  5 jackals
  6 quokkas
  3 frilled lizards
  2 goblin skeletons (D:12)
  2 goblin zombies (D:12)
  2 hobgoblin skeletons (D:12)
  3 hobgoblin zombies (D:12)
  16 kobolds
  An orc skeleton (D:12)
  15 orc zombies (D:12)
  5 rats
678 creatures vanquished.

Vanquished Creatures (collateral kills)
  2 boulder beetles
  A merfolk avatar (Lair:5)
  2 elephants (Lair:5)
  A troll (D:9)
  A blink frog (Lair:5)
  An orc warrior (D:7)
  4 wights (D:7)
  An orc wizard (D:7)
  3 orcs (D:7)
  A kobold (D:9)
17 creatures vanquished.

Vanquished Creatures (others)
  2 humans (D:13)
  An acid dragon (D:9)
  An orc wizard (Orc:2)
  80 fungi
  51 plants
135 creatures vanquished.

Grand Total: 830 creatures vanquished

Notes
Turn   | Place    | Note
-------+----------+-------------------------------------------
     0 | D:1      | Zeld the Minotaur Berserker began the quest for the Orb.
     0 | D:1      | Reached XP level 1. HP: 19/19 MP: 0/0
   343 | D:1      | Reached XP level 2. HP: 22/27 MP: 1/1
   559 | D:1      | Reached skill level 4 in Axes
   732 | D:2      | Found a faded altar of an unknown god.
   853 | D:2      | Found Dochauh's Weapon Boutique.
   859 | D:2      | Reached XP level 3. HP: 33/33 MP: 2/2
  1077 | D:2      | Reached ** piety under Trog
  1271 | D:3      | Reached XP level 4. HP: 35/41 MP: 3/3
  1476 | D:3      | Found a radiant altar of Vehumet.
  1476 | D:3      | Found a sacrificial altar of Ru.
  1476 | D:3      | Found a sparkling altar of Nemelex Xobeh.
  1649 | D:3      | Reached XP level 5. HP: 14/47 MP: 4/4
  1652 | D:3      | Reached skill level 5 in Fighting
  1652 | D:3      | Reached skill level 5 in Axes
  1703 | D:3      | Found a glowing drain.
  1710 | Sewer    | Entered a sewer
  2897 | Sewer    | Reached *** piety under Trog
  3287 | D:3      | Reached XP level 6. HP: 53/56 MP: 5/5
  3757 | D:3      | Noticed an orc warrior
  3770 | D:3      | Killed an orc warrior
  3772 | D:3      | Reached skill level 6 in Axes
  3857 | D:4      | Noticed Robin
  4174 | D:4      | Killed Robin
  4285 | D:4      | Reached XP level 7. HP: 46/63 MP: 6/6
  4913 | D:4      | Found a broken altar of Ashenzari.
  5029 | D:5      | Entered Level 5 of the Dungeon
  5029 | D:5      | Found a staircase to the Ecumenical Temple.
  5040 | D:5      | Reached **** piety under Trog
  5109 | Temple   | Entered the Ecumenical Temple
  5202 | D:5      | Found a stormy altar of Qazlal.
  5603 | D:5      | Reached skill level 7 in Axes
  5603 | D:5      | Reached skill level 5 in Armour
  5943 | D:6      | Noticed a two-headed ogre
  5953 | D:6      | Killed a two-headed ogre
  5954 | D:6      | Reached skill level 8 in Axes
  5954 | D:6      | Reached skill level 5 in Dodging
  5954 | D:6      | Reached XP level 8. HP: 33/74 MP: 7/7
  7232 | D:7      | Reached skill level 9 in Axes
  7232 | D:7      | Reached XP level 9. HP: 74/82 MP: 8/8
  8427 | D:7      | You fall into a shaft and drop 1 floor!
  8438 | D:8      | Found an opulent altar of Gozag.
  8769 | D:7      | Found an iron altar of Okawaru.
  9149 | D:8      | Noticed a cyclops
  9281 | D:8      | Noticed Grum
  9286 | D:7      | Killed Grum
  9287 | D:7      | Reached skill level 10 in Axes
  9411 | D:8      | Reached skill level 10 in Fighting
  9517 | D:8      | Killed a cyclops
 10498 | D:9      | Noticed a troll
 10711 | D:9      | Reached XP level 10. HP: 70/94 MP: 9/9
 11093 | D:9      | Noticed a boulder beetle
 11105 | D:9      | Killed a boulder beetle
 11106 | D:9      | Reached skill level 11 in Axes
 11749 | D:9      | Found an ancient bone altar of Kikubaaqudgha.
 11993 | D:9      | Found an ornate altar of the Wu Jian Council.
 12442 | D:9      | Found a snail-covered altar of Cheibriados.
 12451 | D:9      | Found a glowing golden altar of the Shining One.
 12514 | D:10     | Entered Level 10 of the Dungeon
 12544 | D:10     | Identified the +7 dagger of the Jester {pain, rF++ Str-3}
 12605 | D:10     | Reached skill level 12 in Axes
 13668 | D:10     | Found a burning altar of Makhleb.
 13669 | D:10     | Found a hazy altar of Hepliaklqana.
 13673 | D:10     | Found a hide-covered altar of Uskayaw.
 13917 | D:11     | Reached XP level 11. HP: 54/104 MP: 10/10
 14139 | D:11     | Found a gate leading to a gauntlet.
 14148 | Gauntlet | Entered a Gauntlet
 14148 | Gauntlet | Found a transporter.
 14148 | Gauntlet | Found a large runed translucent door.
 14148 | Gauntlet | Found a large runed translucent door.
 14148 | Gauntlet | Found a large runed translucent door.
 14148 | Gauntlet | Found a large runed translucent door.
 14148 | Gauntlet | Found a runed translucent door.
 14148 | Gauntlet | Found a runed translucent door.
 14148 | Gauntlet | Found a large runed translucent door.
 14148 | Gauntlet | Found a large runed translucent door.
 14148 | Gauntlet | Found a large runed translucent door.
 14148 | Gauntlet | Found a large runed translucent door.
 14148 | Gauntlet | Found a large runed translucent door.
 14148 | Gauntlet | Found a large runed translucent door.
 14197 | Gauntlet | Found a large runed translucent door.
 14197 | Gauntlet | Found a large runed translucent door.
 14210 | Gauntlet | Found a transporter.
 14220 | Gauntlet | Found a transporter.
 14225 | Gauntlet | Found a transporter.
 14226 | Gauntlet | Noticed an entropy weaver
 14233 | Gauntlet | Noticed a wolf spider
 14241 | Gauntlet | Found a transporter.
 14260 | Gauntlet | Found a transporter.
 14267 | Gauntlet | Noticed a catoblepas
 14272 | Gauntlet | Found a transporter.
 14275 | Gauntlet | Noticed a hell hog
 14283 | Gauntlet | Noticed a quicksilver ooze
 14284 | Gauntlet | Found a transporter.
 14292 | Gauntlet | Noticed a catoblepas
 14296 | Gauntlet | Found a transporter.
 14308 | Gauntlet | Found a transporter.
 14312 | Gauntlet | Noticed a swamp dragon
 14319 | Gauntlet | a swamp dragon changed into a faun
 14325 | Gauntlet | Found a transporter.
 14343 | Gauntlet | Found a transporter.
 14345 | Gauntlet | Found a transporter.
 14363 | Gauntlet | Found a large runed translucent door.
 14364 | Gauntlet | Found a large runed translucent door.
 14368 | Gauntlet | Found a runed translucent gate.
 14368 | Gauntlet | Found a runed translucent gate.
 14368 | Gauntlet | Found a runed translucent gate.
 14370 | Gauntlet | Found a transporter.
 14372 | Gauntlet | Found a transporter.
 14378 | Gauntlet | Found a large runed translucent door.
 14379 | Gauntlet | Found a large runed translucent door.
 14392 | Gauntlet | Found a transporter.
 14470 | Gauntlet | Found a transporter.
 14490 | Gauntlet | Found a transporter.
 14525 | Gauntlet | Noticed an anaconda
 14526 | Gauntlet | Noticed a shining eye
 14529 | Gauntlet | an anaconda changed into a faun
 14551 | Gauntlet | a shining eye changed into a merfolk
 14555 | Gauntlet | Noticed a harpy
 14555 | Gauntlet | a steam dragon changed into a harpy
 14556 | Gauntlet | Noticed a glowing orange brain
 14556 | Gauntlet | a faun changed into a glowing orange brain
 14568 | Gauntlet | a harpy changed into a blink frog
 15269 | Gauntlet | Noticed an ice dragon
 15409 | Gauntlet | Noticed a minotaur
 15439 | Gauntlet | Identified the +5 hand axe of Xedorr {antimagic, rN++}
 15439 | Gauntlet | Identified the +5 dagger "Vulepn" {freeze, Will+ Int+4
                  | Stlth+}
 16581 | D:11     | Reached skill level 1 in Evocations
 16599 | D:11     | Reached skill level 13 in Axes
 16866 | D:11     | Noticed a two-headed ogre
 16873 | D:11     | Killed a two-headed ogre
 17091 | D:11     | Found a staircase to the Lair.
 17456 | D:12     | Noticed a boulder beetle
 17485 | D:12     | Noticed a two-headed ogre
 17493 | D:12     | Killed a boulder beetle
 17494 | D:12     | Killed a two-headed ogre
 18143 | D:12     | Found a staircase to the Orcish Mines.
 18634 | D:12     | Noticed a boulder beetle
 18642 | D:12     | Killed a boulder beetle
 18643 | D:12     | Reached skill level 14 in Axes
 18643 | D:12     | Reached skill level 10 in Armour
 18693 | D:12     | Reached XP level 12. HP: 97/115 MP: 3/11
 18915 | D:12     | Noticed a six-headed hydra
 18935 | D:12     | Killed a four-headed hydra
 19968 | D:2      | Bought a +4 arbalest of freezing for 331 gold pieces
 20206 | Lair:1   | Entered Level 1 of the Lair of Beasts
 20210 | Lair:1   | Noticed a seven-headed hydra
 20624 | Lair:1   | Killed a four-headed hydra
 20987 | Lair:1   | Found a frozen archway.
 21030 | Lair:1   | Noticed a five-headed hydra
 21048 | Lair:1   | Killed a three-headed hydra
 21436 | Lair:1   | Reached skill level 15 in Axes
 22244 | Lair:2   | Noticed Urug
 22252 | Lair:2   | Killed Urug
 22253 | Lair:2   | Reached skill level 10 in Dodging
 22409 | Lair:2   | Identified the +5 sling of Lust {flame, Int+3}
 22571 | Lair:2   | Noticed Amaemon
 22585 | Lair:2   | Killed Amaemon
 22843 | Lair:2   | Reached skill level 5 in Evocations
 23039 | Lair:2   | Reached XP level 13. HP: 120/124 MP: 12/12
 23674 | Lair:3   | Found a hole to the Spider Nest.
 23990 | Lair:3   | Reached skill level 16 in Axes
 24091 | Lair:3   | Reached ***** piety under Trog
 24263 | Lair:3   | Found a staircase to the Shoals.
 24341 | Lair:3   | Identified the +1 ring mail "Coif Kie" {rPois rF+ rCorr
                  | Str-3}
 24603 | Lair:3   | Identified a scroll of acquirement
 24605 | Lair:3   | Acquired 642 gold pieces
 25768 | Lair:4   | Found a staircase to the Slime Pits.
 25768 | Lair:4   | Found a viscous altar of Jiyva.
 26306 | Lair:5   | Entered Level 5 of the Lair of Beasts
 26309 | Lair:5   | Received a gift from Trog
 26318 | Lair:5   | Reached skill level 17 in Axes
 26493 | Lair:5   | Reached skill level 15 in Fighting
 26511 | Lair:5   | Reached XP level 14. HP: 45/135 MP: 4/13
 27147 | Lair:5   | Paralysed by a hornet for 2 turns
 27528 | Lair:5   | Noticed Snorg
 27540 | Lair:5   | Killed Snorg
 28106 | Lair:5   | Identified the +9 rapier of Dim Light {freeze, rPois rF+
                  | Stlth+}
 28750 | D:13     | Reached skill level 18 in Axes
 29074 | D:13     | Noticed Kirke
 29080 | D:13     | Killed Kirke
 29681 | D:13     | Noticed Josephine
 29688 | D:13     | Killed Josephine
 30032 | D:13     | Found a gate to the Vaults.
 30643 | D:14     | Found Cuelatat's Antique Weapon Emporium.
 30666 | D:14     | Identified the +4 dagger of the Intense God {vorpal, Str+3}
 31473 | D:14     | Found the +7 great mace "Firestarter" {inner flame, rF++}
 31497 | D:14     | Identified the ring "Meoj" {rF+ rN+ Int+3 Dex+2 SInv}
 31502 | D:14     | Identified the +1 plate armour of the Chupacabra {Int+2}
 31807 | D:14     | Identified the +1 scale mail of Elyvilon {rC+ Int+3}
 31819 | D:14     | Found a sparkling altar of Nemelex Xobeh.
 31832 | D:14     | Found a sparkling altar of Nemelex Xobeh.
 31832 | D:14     | Found a hide-covered altar of Uskayaw.
 31835 | D:14     | Found a shimmering altar of Xom.
 31835 | D:14     | Found a hazy altar of Hepliaklqana.
 31835 | D:14     | Found an ancient bone altar of Kikubaaqudgha.
 31989 | D:15     | Entered Level 15 of the Dungeon
 32007 | D:14     | Reached XP level 15. HP: 29/143 MP: 14/14
 32007 | D:14     | HP: 3/214 [phantasmal warrior[a death knight] (26)]
 33232 | D:15     | Reached skill level 19 in Axes
 34800 | D:15     | Found a staircase to the Depths.
 35065 | Orc:1    | Entered Level 1 of the Orcish Mines
 35278 | Orc:1    | Found Ixef Goeczi's Vocational Training.
 35286 | Orc:1    | Bought a manual of Evocations for 1120 gold pieces
 35440 | Orc:2    | Entered Level 2 of the Orcish Mines
 35726 | Orc:2    | Noticed Blork the orc
 35773 | Orc:2    | Killed Blork the orc
 35775 | Orc:2    | Found a staircase to the Elven Halls.
 36120 | Orc:2    | Noticed an orc warlord
 37241 | Orc:2    | Killed an orc warlord
 37369 | Orc:2    | Reached ****** piety under Trog
 37463 | Orc:2    | Found Reasum's Antique Armour Shop.
 37476 | Orc:2    | Bought a pair of gloves for 126 gold pieces
 37476 | Orc:2    | Bought a runed plate armour for 728 gold pieces
 37488 | Orc:2    | Found Taenaf's General Store.
 37718 | Orc:2    | Found Otoug's Antique Weapon Shop.
 37733 | Orc:2    | Found Urouf's Jewellery Shop.
 37765 | Orc:2    | Found Efoyd's Book Emporium.
 38455 | Spider:1 | Entered Level 1 of the Spider Nest
 38469 | Lair:3   | HP: 2/217 [radroach (41)]
 38470 | Lair:3   | Slain by a demonic crawler

Illustrated notes

Levels and vault maps discovered:
D:1:      dpeg_arrival_rhombi, layout_basic
D:2:      layout_rooms, serial_shops, shop, basic_ecumenical_altar
D:3:      kb_forest_paths, layout_loops_cross, gammafunk_temple_overflow_claw,
          portal_sewer_entry_e, st_stairs_10
D:4:      layout_rooms, general_overflow_altar, uniq_robin
D:5:      cheibrodos_thug_alley, layout_rooms, mainiacjoe_overflow_alcove_1,
          minmay_temple_entry_mini_moons
D:6:      layout_rooms
D:7:      layout_loops_cross, kennysheep_okawaru_gauntlet
D:8:      layout_gridville, mainiacjoe_overflow_cross_hatched,
          minmay_strange_pillars, uniq_grum
D:9:      layout_loops_cross, nicolae_wu_jian_immortal_techniques,
          nicolae_kikubaaqudgha_miasma_corner, mainiacjoe_overflow_big_doors
D:10:     layout_long_grid, minitemple
D:11:     layout_loops_corners, grunt_lair_entry_orc_guard_hut,
          gauntlet_entry_generic
D:12:     layout_rooms, zombieorc2_lemuel, serial_co_window_serial,
          co_window_of_opportunity_a, co_window_corner_a,
          co_window_of_opportunity_a, co_window_paths_a, co_window_paths_b,
          co_window_of_opportunity_a, co_window_unsneaky_path_c,
          co_window_corner_ca, co_window_broadway_c, minmay_misc_feat_hallway
D:13:     layout_long_grid, lightli_vaults_fourway_checkpoint, uniq_josephine,
          uniq_kirke
D:14:     layout_long_grid, doesnt_xom_only_xom, serial_shops,
          nicolae_shop_advertising_works [nicolae_subvault_shop_adworks],
          minivault_15
D:15:     gammafunk_enter_depths_forms, layout_irregular_city, minivault_27
Temple:   hellmonk_temple_rainy
Lair:1:   layout_hall_layers, portal_ice_cave_entry_pillars_1,
          lemuel_old_faithful, lemuel_fruit_tree
Lair:2:   layout_cave_pods, uniq_amaemon, uniq_urug
Lair:3:   layout_loops_ring, elwin_shoals_entry_rocks,
          hellmonk_spider_entry_not_the_bees, fungi_pond_lemuel,
          chequers_serial_rivers_micro_a
Lair:4:   layout_small_grid, slime_entry_1
Lair:5:   gammafunk_lair_ancient_temple, layout_regular_city,
          dreamdust_mushroom_princess, uniq_snorg
Spider:1: spiders_nest_scorpion_pit
Orc:1:    layout_caves, nicolae_shop_vocational
Orc:2:    grunt_orc_cross, layout_caves, serial_shops, shop, mines3_lemuel

Skill      XL: |  1  2  3  4  5  6  7  8  9 10 11 12 13 14 15 |
---------------+----------------------------------------------+-----
Fighting       | 4 5 6 8 10 12 13 14 15 16 | 16.5
Axes           | 4 5 6 8 9 10 12 14 15 17 18 19 | 19.7
Armour         | 3 4 5 6 7 8 10 11 12 13 14 | 14.1
Dodging        | 3 5 6 7 9 10 11 12 13 | 13.0
Evocations     | 3 5 6 7 9 |  9.0

Action                   |  1- 3 |  4- 6 |  7- 9 | 10-12 | 13-15 || total
-------------------------+-------+-------+-------+-------+-------++-------
Melee: Hand axe          |    55 |    29 |       |   167 |    35 ||   286
       Headbutt          |    11 |    29 |    77 |   142 |   199 ||   458
       War axe           |       |    12 |       |       |       ||    12
       Dagger            |       |   127 |   376 |   165 |       ||   668
       Punch             |       |       |     9 |     4 |       ||    13
       Trident           |       |       |     3 |       |       ||     3
       Battleaxe         |       |       |       |   214 |   761 ||   975
Invok: Berserk           |       |     5 |     3 |    14 |     8 ||    30
       Trog's Hand       |       |     1 |       |     2 |     1 ||     4
       Brothers in Arms  |       |       |     1 |     2 |     4 ||     7
Evoke: Wand              |       |       |       |       |     4 ||     4
  Use: Scroll            |       |       |    10 |    13 |    14 ||    37
       Potion            |       |       |       |       |     3 ||     3
 Stab: Sleeping          |     1 |       |       |       |       ||     1
       Distracted        |       |       |       |       |     1 ||     1
Armor: Animal skin       |    11 |    21 |       |       |       ||    32
       Plate armour      |       |    29 |   232 |   296 |   395 ||   952
       Chain mail        |       |       |       |       |     3 ||     3
Dodge: Dodged            |    44 |   121 |   231 |   315 |   584 ||  1295
